 Dungeon Crawl Stone Soup version 0.30.0-19-g36f170ea60 (webtiles) character file.

Game seed: 16181817344725108149

32 Bnni the Digger (level 3, 0/26 HPs)
             Began as a Formicid Earth Elementalist on June 1, 2023.
             Slain by an adder (1 damage)
             ... on level 2 of the Dungeon.
             The game lasted 00:01:14 (1183 turns).

Bnni the Digger (Formicid Earth Elementalist)       Turns: 1183, Time: 00:01:15

Health: 0/26       AC:  5    Str: 12    XL:     3   Next: 42%
Magic:  4/6        EV: 10    Int: 16    God:
Gold:   71         SH:  0    Dex: 14    Spells: 6/7 levels left

rFire   . . .        h - +0 quarterstaff
rCold   . . .        (no shield)
rNeg    . . .        c - +0 ring mail
rPois   .            (helmet unavailable)
rElec   .            (no cloak)
rCorr   .            (no gloves)
SInv    +            (no boots)
Will    .....        (no amulet)
Stlth   +            (no ring)
HPRegen 0.24/turn    (no ring)
MPRegen 0.10/turn

%: no passive effects
@: lethally poisoned (0 -> -5)
A: permanent stasis, dig shafts and tunnels, antennae 3, four strong arms
a: Dig, Shaft Self


You were on level 2 of the Dungeon.
You visited 1 branch of the dungeon, and saw 2 of its levels.

You collected 71 gold pieces.

Inventory:

Hand Weapons
 h - a +0 quarterstaff (weapon)
Armour
 c - a +0 ring mail (worn)
Jewellery
 f - an amulet of reflection
Scrolls
 d - 2 scrolls of enchant armour {unknown}
 e - a scroll of enchant weapon {unknown}
 g - 2 scrolls of amnesia {unknown}
Potions
 a - a potion of degeneration {unknown}
 b - a potion of magic


   Skills:
 + Level 1.1 Fighting
 - Level 1.7 Dodging
 - Level 2.4 Stealth
 + Level 2.5 Spellcasting
 + Level 1.7 Transmutations
 * Level 4.3 Earth Magic


You had 6 spell levels left.
You knew the following spells:

 Your Spells              Type           Power      Damage    Failure   Level
a - Sandblast             Erth           30%        2d9       8%          1

Your spell library contained the following spells:

 Spells                   Type           Power      Damage    Failure   Level
 Passwall                 Tmut/Erth      9%         N/A       19%         2
 Stone Arrow              Conj/Erth      16%        3d8       50%         3
 Petrify                  Tmut/Erth      11%        N/A       77%         4


Dungeon Overview and Level Annotations

Branches:
Dungeon (2/15)

Altars:


Innate Abilities, Weirdness & Mutations

You cannot be hasted, slowed, berserked, paralysed or teleported.
You can dig through walls and to a lower floor.
You have a pair of large antennae on your head. (SInv)
Your four strong arms can wield two-handed weapons with a shield.


Message History

You barely miss the adder.
The adder is severely wounded.
The adder bites you.
You are poisoned.
The adder poisons you! The adder barely misses you. The adder bites you.
The adder closely misses you.
You completely miss the adder.
The adder is severely wounded.
You feel sick. The adder bites you but does no damage.
The adder barely misses you. x2; The adder bites you but does no damage.
You closely miss the adder.
The adder is severely wounded.
You feel sick. The adder barely misses you.
The adder bites you but does no damage. x2
You barely miss the adder.
The adder is severely wounded.
You feel sick.
You are no longer poisoned.
The adder bites you. x3
There are monsters nearby!
Aiming: Sandblast (safe; 8% risk of failure)
Press: ? - help, Q - select action, (/) - cycle Shift-Dir - straight line, f - adder
Aim: an adder (70% to hit)
The blast of sand misses the adder.
The adder bites you.
You are poisoned.
The adder poisons you! The adder bites you.
* * * LOW HITPOINT WARNING * * *
You are lethally poisoned!
The adder poisons you! The adder bites you but does no damage.
The adder barely misses you.
Aiming: Sandblast (safe; 8% risk of failure)
Press: ? - help, Q - select action, (/) - cycle Shift-Dir - straight line, f/p - adder
Aim: an adder (70% to hit)
The blast of sand hits the adder!
You kill the adder!
* * * LOW HITPOINT WARNING * * *
You feel very sick. The adder bites you.
You die...

#.$...######
###..........#
######............#
..................#
{.###....#.........#
#....#.........#
#.###....#.........#
#.......##....######
#####........@#
##.#.##...S.#
#.......#.#w..
#....####.###...
###..### #.# ...!.
#.....# #.# ....
#.....# #.# ...
#.....# #. ...
#####.#####


You could see a worm and an adder.

Vanquished Creatures
  An adder (D:2)
  2 dart slugs
  2 giant cockroaches (D:1)
  A goblin (D:1)
  3 hobgoblins
  7 jackals
  2 kobolds (D:1)
  A quokka (D:1)
  2 bats (D:1)
  2 frilled lizards (D:1)
  2 rats (D:1)
25 creatures vanquished.

Notes
Turn   | Place    | Note
-------+----------+-------------------------------------------
     0 | D:1      | Bnni the Formicid Earth Elementalist began the quest for
                  | the Orb.
     0 | D:1      | Reached XP level 1. HP: 13/13 MP: 3/3
   284 | D:1      | Reached XP level 2. HP: 20/20 MP: 3/5
   373 | D:1      | Reached skill level 4 in Earth Magic
   767 | D:1      | Reached XP level 3. HP: 25/25 MP: 6/6
   830 | D:1      | Reached skill level 1 in Fighting
  1038 | D:2      | Found a faded altar of an unknown god.
  1183 | D:2      | HP: 1/26 [poisoned by an adder]
  1183 | D:2      | Slain by an adder

Illustrated notes

Levels and vault maps discovered:
D:1:      minmay_arrival_glassed_features, layout_loops_corners
D:2:      layout_rooms, nicolae_ecumenical_pavilion, uniq_robin

Skill      XL: |  1  2  3 |
---------------+----------+-----
Earth Magic    | 4 |  4.3
Fighting       | 1 |  1.1
Dodging        | |  1.7
Stealth        | |  2.4
Spellcasting   | |  2.5
Transmutations | |  1.7

Action                     || total
---------------------------++-------
  Melee: Whip              ||    11
         Quarterstaff      ||    44
   Cast: Sandblast         ||    16
 Armour: Ring mail         ||    44
  Dodge: Dodged            ||    46
